 Dungeon Crawl Stone Soup version 0.30-a0-540-g0af01429fa (webtiles) character file.

Game seed: 17302164657096662457

408 kae the Changer (level 6, -4/43 HPs)
             Began as a Demonspawn Transmuter on Dec 24, 2022.
             Succumbed to a scorpion's poison
             ... on level 5 of the Dungeon on Dec 25, 2022.
             The game lasted 00:04:33 (2701 turns).

kae the Changer (Demonspawn Transmuter)             Turns: 2701, Time: 00:04:33

Health: -4/43      AC:  2    Str:  8 (10) XL:     6   Next: 57%
Magic:  5/11       EV: 19    Int: 14 (16) God:
Gold:   246        SH:  0    Dex: 18 (19) Spells: 5/11 levels left

rFire   . . .      SeeInvis .      - Unarmed
rCold   . . .      Faith    .    (shield currently unavailable)
rNeg    . . .      Spirit   .    (body armour currently unavailable)
rPois   x          Reflect  .    (helmet currently unavailable)
rElec   .          Harm     .    (cloak currently unavailable)
rCorr   .          Rampage  .    (gloves currently unavailable)
Will    .....                    (boots currently unavailable)
Stlth   ++                       (no amulet)
HPRegen 0.27/turn                (no ring)
MPRegen 0.12/turn                (no ring)

@: lethally poisoned (-4 -> -50), spider-form (expiring), very slightly
contaminated
A: venomous fangs, tiny, (thin metallic scales 1)
a: End Transformation


You were on level 5 of the Dungeon.
You were a venomous arachnid creature.
You visited 1 branch of the dungeon, and saw 4 of its levels.

You collected 246 gold pieces.


Innate Abilities, Weirdness & Mutations

You are a venomous arachnid creature.
You have poisonous fangs.
You are tiny and dextrous.
Your spellcasting is less reliable in this form.
Your armour is entirely melded.
You are incapable of wielding weapons or throwing items.
((You are partially covered in thin metallic scales. (AC +2)))


   Skills:
 - Level 1.0 Fighting
 - Level 1.7 Dodging
 + Level 4.0 Unarmed Combat
 + Level 3.4 Spellcasting
 * Level 4.4 Transmutations
 - Level 2.0 Poison Magic


You had 5 spell levels left.
You knew the following spells:

 Your Spells              Type           Power      Damage    Failure   Level
a - Beastly Appendage     Tmut           28%        N/A       11%         1
b - Wereblood             Tmut           14%        N/A       14%         2
c - Spider Form           Tmut/Pois      11%        N/A       34%         3

Your spell library contained the following spells:

 Spells                   Type           Power      Damage    Failure   Level
 Ice Form                 Ice/Tmut       8%         N/A       82%         4

Inventory:

Missiles
 b - a boomerang
 f - 10 stones
 g - 6 poisoned darts
Armour
 a - a +0 robe (melded)
Wands
 h - a wand of polymorph (10)
   (You found it on level 2 of the Dungeon)
Scrolls
 c - a scroll of vulnerability {!r!r}

Dungeon Overview and Level Annotations

Branches:
Dungeon (3/15) Zot: 21312

Altars:
Fedhas

#..≈~≈≈P.P≈~
#######.~≈≈~.....~
#.......~≈≈~<._P>~
#.[.....~~≈≈..♣.P~
#........~≈≈≈P..~≈
#........~~≈~≈~~≈≈
#(.....#..~~≈≈≈≈≈~
#......#).)~~≈≈~~~
#ss.[...)))..~~≈..
######.)##........
##.s.........
#*###..?......
*******###..##.........
*,,,,,,......o.........
*,,,,,,....o...........
*,,,,,,....#...........
*,,,,,,...,#..#........


You could see a scorpion (extremely poisoned).


Message History

You hit the orc wizard.
The orc wizard is poisoned.
You kill the orc!
The orc wizard misses you. The orc misses you. x2
You hit the orc wizard but do no damage.
The orc wizard looks as sick as possible!
The orc hits you with a +0 club. The orc completely misses you.
The orc misses you.
The orc wizard hits you with a +0 dagger. 😮 HP[-3]
You take 3 damage, and now have 30/43 hp.
You hit the orc wizard but do no damage.
The orc wizard looks as sick as possible!
Your transformation is almost over.
The orc misses you. The orc wizard completely misses you.
The orc completely misses you. The orc closely misses you.
You hit the orc wizard but do no damage.
The orc wizard looks as sick as possible!
The orc hits you with a +0 club.
The orc wizard hits you with a +0 dagger.
The orc completely misses you. The orc misses you. 😮 HP[-3]
You take 3 damage, and now have 27/43 hp.
You hit the orc.
The orc is poisoned.
The orc wizard barely misses you. The orc hits you with a +0 club.
The orc hits you with a +0 hand axe.
* * * LOW HITPOINT WARNING * * *
The orc hits you with a +0 short sword.
* * * LOW HITPOINT WARNING * * *
😨 HP[-9]
You take 9 damage, and now have 18/43 hp.
MASSIVE DAMAGE!! (PAUSE)
You hit the orc but do no damage.
The orc looks as sick as possible!
You kill the orc wizard!
You kill the orc!
The orc completely misses you. The orc hits you with a +0 club.
* * * LOW HITPOINT WARNING * * *
Your Unarmed Combat skill increases to level 4! 😨 HP[-1]
You take 1 damage, and now have 17/43 hp.
You bite the orc!
You kill the orc!
The orc hits you but does no damage.
You barely miss the orc. The orc completely misses you. 😨 MP[+1]
You hit the orc. The orc hits you with a +0 club.
* * * LOW HITPOINT WARNING * * *
😨 HP[-3]
You take 3 damage, and now have 14/43 hp.
You hit the orc.
You kill the orc! 😨 HP[+1]
Things that are here:
a +0 club; a +0 leather armour; an orc corpse You see here a +0 dagger.
You start resting.
Your transformation has ended.
Your +0 robe unmelds from your body. 😨 HP[+1] Unknown command.
A scorpion is nearby!
You see here a +0 dagger. 😨 MP[+1] 😨 HP[+1] 😨 HP[+1]
You start resting.
A scorpion is nearby!
Casting: Spider Form (dangerous; 16% risk of failure)
Confirm with . or Enter, or press ? or * to list all spells.
You miscast Spider Form.
You are very lightly contaminated with residual magic.
Nothing appears to happen. 😨 MP[-3]
You lost 3 mp, and now have 7/11 mp.
Casting: Spider Form (dangerous; 16% risk of failure)
Confirm with . or Enter, or press ? or * to list all spells.
You turn into a venomous arachnid creature.
Your +0 robe melds into your body.
Your transformation is almost over. 😨 HP[+1] MP[-2]
You lost 2 mp, and now have 5/11 mp.
Unknown command.
You hit the scorpion. The scorpion barely misses you.
You hit the scorpion but do no damage. The scorpion misses you.
Unknown command.
You hit the scorpion but do no damage. The scorpion stings you.
* * * LOW HITPOINT WARNING * * *
You are lethally poisoned!
The scorpion poisons you! 😨 HP[-2]
You take 2 damage, and now have 17/43 hp.
You hit the scorpion but do no damage.
The scorpion is poisoned.
* * * LOW HITPOINT WARNING * * *
You feel very sick. The scorpion stings you.
* * * LOW HITPOINT WARNING * * *
You are more poisoned.
The scorpion poisons you! 😱 HP[-11]
You take 11 damage, and now have 6/43 hp.
MASSIVE DAMAGE!! (PAUSE)
You hit the scorpion but do no damage.
The scorpion looks as sick as possible!
You die...

Skill      XL: |  1  2  3  4  5  6 |
---------------+-------------------+-----
Transmutations | 2 3 4 |  4.4
Unarmed Combat | 3 4 |  4.0
Poison Magic   | 1 2 |  2.0
Spellcasting   | 3 |  3.4
Fighting       | |  1.0
Dodging        | |  1.7

Action                   |  1- 3 |  4- 6 || total
-------------------------+-------+-------++-------
Melee: Unarmed           |   114 |    78 ||   192
       Kick              |    31 |       ||    31
       Headbutt          |    13 |       ||    13
       Punch             |     3 |       ||     3
 Cast: Beastly Appendage |    25 |     1 ||    26
       Spider Form       |     1 |     8 ||     9
Evoke: Wand              |       |     3 ||     3
  Use: Potion            |     1 |     3 ||     4
       Scroll            |       |     5 ||     5
Armor: Robe              |    32 |       ||    32
       Skin              |       |    43 ||    43
Dodge: Dodged            |   105 |    50 ||   155

Levels and vault maps discovered:
D:1:      spicycebolla_arrival_xxxplode, layout_loops_ring,
          hellmonk_ecumenical_altar_run_dry, dreamdust_wishing_well,
          chequers_arboretum
D:2:      layout_basic, kennysheep_boxes
D:3:      layout_basic, mainiacjoe_overflow_big_doors, uniq_terence
D:5:      layout_rooms, fedhas_ov_isle_minmay, minmay_misc_feat_room,
          st_stairs_4

Notes
Turn   | Place    | Note
-------+----------+-------------------------------------------
     0 | D:1      | kae the Demonspawn Transmuter began the quest for the Orb.
     0 | D:1      | Reached XP level 1. HP: 15/15 MP: 3/3
     0 | D:1      | magus.rc [v1.11.3]
    76 | D:1      | Reached skill level 2 in Transmutations
   154 | D:1      | Found a faded altar of an unknown god.
   346 | D:1      | Gained mutation: You are partially covered in thin metallic
                  | scales. (AC +2) [demonic ancestry]
   346 | D:1      | Reached XP level 2. HP: 19/21 MP: 3/5
   440 | D:1      | You pick up a book of Changes and begin reading...
  1031 | D:2      | Reached skill level 3 in Unarmed Combat
  1031 | D:2      | Reached XP level 3. HP: 26/26 MP: 4/6
  1034 | D:2      | Learned a level 2 spell: Wereblood
  1038 | D:2      | Learned a level 3 spell: Spider Form
  1194 | D:2      | Upgraded the game from 0.30-a0-533-g4794bfbd1c to
                  | 0.30-a0-540-g0af01429fa
  1194 | D:2      | magus.rc [v1.11.3]
  1895 | D:3      | You fall into a shaft and drop 2 floors!
  1895 | D:5      | Entered Level 5 of the Dungeon
  2013 | D:5      | Noticed a centaur
  2017 | D:5      | HP: 1/26 [centaur/arrow (7)]
  2029 | D:5      | Killed a centaur
  2030 | D:5      | Reached skill level 3 in Transmutations
  2030 | D:5      | Reached skill level 1 in Poison Magic
  2030 | D:5      | Reached XP level 4. HP: 12/32 MP: 3/8
  2067 | D:5      | Reached XP level 5. HP: 15/37 MP: 3/9
  2068 | D:5      | HP: 8/37 [acid (2)]
  2178 | D:5      | Reached skill level 3 in Spellcasting
  2365 | D:5      | Reached skill level 4 in Transmutations
  2365 | D:5      | Reached XP level 6. HP: 17/43 MP: 4/10
  2417 | D:5      | HP: 15/64 [acid (2)]
  2419 | D:5      | Reached skill level 2 in Poison Magic
  2624 | D:5      | Found a blossoming altar of Fedhas.
  2678 | D:5      | Reached skill level 4 in Unarmed Combat
  2700 | D:5      | HP: 6/43 [scorpion (6)]
  2701 | D:5      | Succumbed to a scorpion's poison

Vanquished Creatures
  A centaur (D:5)
  A necrophage (D:5)
  A howler monkey (D:5)
  2 jellies (D:5)
  An orc priest (D:5)
  2 orc wizards (D:5)
  3 adders
  2 white imps (D:5)
  A worm (D:2)
  10 orcs (D:5)
  2 ball pythons
  4 endoplasms
  A giant cockroach (D:2)
  5 goblins
  2 hobgoblins (D:2)
  11 jackals
  A quokka (D:2)
  A bat (D:1)
  2 frilled lizards (D:1)
  3 kobolds
  3 rats
59 creatures vanquished.

Vanquished Creatures (others)
  2 orcs (D:5)
  A plant (D:5)
3 creatures vanquished.

Grand Total: 62 creatures vanquished

Table legend:
 A = Non-vault XP
 B = Vault XP
 C = Vault XP percentage of total XP
 D = Non-vault monster count
 E = Vault monster count
 F = Vault count percentage of total count
                 A         B        C        D         E       F
            +---------+---------+-------+---------+---------+-------
      Total |     548 |      36 |   6.2 |      58 |       1 |   1.7
            +---------+---------+-------+---------+---------+-------
        D:1 |      23 |       0 |   0.0 |      14 |       0 |   0.0
        D:2 |      38 |       0 |   0.0 |      14 |       0 |   0.0
        D:3 |      10 |       0 |   0.0 |       5 |       0 |   0.0
        D:5 |     477 |      36 |   7.0 |      25 |       1 |   3.8
            +---------+---------+-------+---------+---------+-------

Illustrated notes

Table legend:
 A = Kills in this place as a percentage of kills in entire the game.
 B = Kills by you in this place as a percentage of kills by you in the entire game.
 C = Kills by friends in this place as a percentage of kills by friends in the entire game.
 D = Other kills in this place as a percentage of other kills in the entire game.
 E = Experience gained in this place as a percentage of experience gained in the entire game.
 F = Experience gained in this place divided by the number of levels of this place that you have seen.
                   A       B       C       D       E      F
               +-------+-------+-------+-------+-------+----------------------
         Total | 100.0 | 100.0 |   N/A |   N/A | 100.0 | 146.0
       Dungeon | 100.0 | 100.0 |   N/A |   N/A | 100.0 | 146.0
               +-------+-------+-------+-------+-------+----------------------

Table legend: (Time is in decaauts)
 A = Elapsed time spent in this place.
 B = Non-inter-level travel time spent in this place.
 C = Inter-level travel time spent in this place.
 D = Time resting spent in this place.
 E = Time spent auto-exploring this place.
 F = Levels seen in this place.
 G = Mean time per level.
                   A        B        C        D        E       F      G
               +--------+--------+--------+--------+--------+-----+--------+
         Total |   2688 |   2635 |     53 |    208 |   1956 |   4 |  672.0 |
       Dungeon |   2688 |   2635 |     53 |    208 |   1956 |   4 |  672.0 |
               +--------+--------+--------+--------+--------+-----+--------+

Top non-repeatable levels by time:
     D:2: 1028 daAuts
     D:5: 799 daAuts
     D:1: 742 daAuts
     D:3: 117 daAuts
